 Dungeon Crawl Stone Soup version 0.25-a0-591-g2ad0d861f1 (webtiles) character file.

Game seed: 16327932405688822246, levelgen mode: deterministic

15838 Qrupt the Martial Artist (level 12, -9/100 HPs)
             Began as an Octopode Transmuter on Mar 13, 2020.
             Was an Elder of Wu Jian.
             Mangled by a black mamba (18 damage)
             ... on level 4 of the Lair of Beasts on Mar 14, 2020.
             The game lasted 01:03:05 (13949 turns).

Qrupt the Martial Artist (Octopode Transmuter)     Turns: 13949, Time: 01:03:06

Health: -9/100     AC:  6    Str: 10    XL:     12   Next: 31%
Magic:  19/19      EV: 17    Int: 15    God:    Wu Jian [****..]
Gold:   621        SH:  0    Dex: 20    Spells: 6/21 levels left

rFire    . . .     SeeInvis .     - Unarmed
rCold    + + +     Gourm    .   (shield currently unavailable)
rNeg     . . .     Faith    .   (helmet currently unavailable)
rPois    +         Spirit   .   y - amulet of regeneration
rElec    .         Reflect  .   i - ring of wizardry
rCorr    .         Harm     .   j - ring of stealth
MR       .....                  q - +3 ring of dexterity
Stlth    ++++......             p - ring of fire
HPRegen  0.66/turn              L - ring of protection from cold
MPRegen  0.16/turn              (no ring)
                                (no ring)
                                (no ring)

@: ice-form, very slightly contaminated
A: large, almost no armour, stealthy swim, amphibious, 8 rings, (constrict 8)
a: End Transformation, Wall Jump, Serpent's Lash, Renounce Religion


You were on level 4 of the Lair of Beasts.
You worshipped Wu Jian.
Wu Jian was greatly pleased with you.
You were very hungry.
You were a creature of crystalline ice.
You visited 3 branches of the dungeon, and saw 14 of its levels.

You collected 621 gold pieces.

Inventory:

Hand Weapons
 o - a +2 antimagic trident
 r - a +1 trident of venom
Missiles
 a - 162 arrows
 s - 2 throwing nets (quivered)
Jewellery
 i - a ring of wizardry (left front paw)
 j - a ring of stealth (right front paw)
 p - a ring of fire (on tentacle)
 q - a +3 ring of dexterity (on tentacle)
 y - an amulet of regeneration (around neck)
 H - an uncursed amulet of rage
 L - a ring of protection from cold (on tentacle)
Wands
 h - a wand of iceblast (20)
 v - a wand of digging (7)
 C - a wand of disintegration (7)
 G - a wand of paralysis (6)
Scrolls
 b - a scroll of amnesia
 d - 8 scrolls of remove curse
 e - 2 scrolls of enchant armour
 g - 3 scrolls of teleportation
 k - 5 scrolls of enchant weapon
 m - 2 scrolls of noise {unknown}
 A - a scroll of magic mapping
 B - a scroll of immolation {unknown}
 D - a scroll of torment {unknown}
 F - a scroll of silence {unknown}
 I - a scroll of holy word {unknown}
 J - a scroll of fear {unknown}
 K - a scroll of identify
Potions
 l - a potion of resistance
 t - a potion of might
 w - a potion of brilliance {unknown}
 x - 2 potions of haste
 z - 2 potions of flight {unknown}
 E - a potion of mutation {unknown}
Comestibles
 c - 19 rations


   Skills:
 + Level 8.5 Fighting
 + Level 9.3 Dodging
 - Level 5.0 Stealth
 + Level 9.6 Unarmed Combat
 - Level 5.0 Spellcasting
 + Level 9.3 Transmutations
 - Level 5.0 Ice Magic
 - Level 3.0 Poison Magic
 + Level 2.3 Evocations


You had 6 spell levels left.
You knew the following spells:

 Your Spells              Type           Power        Failure   Level  Hunger
a - Beastly Appendage     Tmut           ####..       1%          1    None
b - Sticks to Snakes      Tmut           ####....     1%          2    ##.....
c - Spider Form           Tmut/Pois      ###.......   1%          3    ###....
d - Ice Form              Ice/Tmut       ####....     3%          4    ####...
e - Blade Hands           Tmut           ####......   4%          5    ######.

Your spell library contained the following spells:

 Spells                   Type           Power        Failure   Level  Hunger
 Passwall                 Tmut/Erth      ###.....     1%          2    ##.....
 Sandblast                Erth           #.....       6%          1    None
 Petrify                  Tmut/Erth      ###.....     10%         4    ####...
 Stone Arrow              Conj/Erth      #.....       19%         3    ###....
 Lee's Rapid Deconstruct  Erth           #.........   85%         5    ######.


Dungeon Overview and Level Annotations

Branches:
Dungeon (9/15)             Temple (1/1) D:4            Lair (4/6) D:9
  Swamp (0/4) Lair:4        Snake (0/4) Lair:4
    Orc: D:9-12

Altars:
Ashenzari
Cheibriados
Dithmenos
Elyvilon
Fedhas
Gozag
Hepliaklqana
Kikubaaqudgha
Makhleb
Nemelex Xobeh
Okawaru
Qazlal
Ru
Sif Muna
Trog
Uskayaw
Vehumet
Wu Jian
Xom
Yredelemnul
Zin
The Shining One

Shops:
D:6 (   D:9 (

Portals:
Gauntlet: Lair:4


Innate Abilities, Weirdness & Mutations

You cannot wear most types of armour.
You are very stealthy in the water. (Stealth+)
You are amphibious.
You can wear up to eight rings at the same time.
((You can use your tentacles to constrict eight enemies at once.))
((Your skin changes colour to match your surroundings (Stealth+).))
((Your rubbery body absorbs attacks. (AC +1, EV +1)))


Message History

You feel sick.
You hit the plant but do no damage.
The plant is severely damaged.
The sentinel's mark upon you fades away.
You punch the plant! You freeze the plant.
The plant is almost destroyed.
You feel sick.
You completely miss the plant.
The plant is almost destroyed.
The black mamba bites you!
* * * LOW HITPOINT WARNING * * *
You hit the black mamba but do no damage.
You feel sick.
The black mamba bites you but does no damage.
The black mamba bites you!
* * * LOW HITPOINT WARNING * * *
You feel better. The black mamba bites you.
* * * LOW HITPOINT WARNING * * *
The black mamba bites you!!
You die...

**,,,,,,,,* #
**,,,,,,,,,**
#...........##
##.............
#..........[...
#.............. ##*
#.............#
#P###..............
#.Y#............###
##.S..F.........*#.
#PPP..........,,*#.
**#.P...####..##,*,##
#.......# *,,##*****#
*#.......#***** ***
*#.........** ****,**
#.#.........*
*,*,,,**
#...........#
**,,,,,,


You could see a black mamba and a bullfrog.

Vanquished Creatures
  A hydra (Lair:2)
  A two-headed ogre (D:8)
  4 black mambas
  An elephant (D:9)
  Psyche (D:8)
  7 spiny frogs
  7 komodo dragons
  A troll (D:6)
  Grinder (D:6)
  A dream sheep (Lair:2)
  A hippogriff (Lair:1)
  3 basilisks
  9 yaks
  Edmund (D:4)
  7 porcupines
  6 water moccasins
  An ice beast (D:9)
  An orc warrior (D:9)
  3 black bears
  3 phantoms
  14 wolves
  6 ogres
  5 crocodiles
  A centaur (Lair:2)
  2 gnoll sergeants
  4 bullfrogs
  A wyvern skeleton (D:9)
  A water moccasin skeleton (D:8)
  3 wights (D:8)
  3 howler monkeys
  2 crimson imps
  2 jellies
  2 orc priests
  2 hounds
  4 orc wizards
  A bullfrog skeleton (D:6)
  Jessica (D:3)
  2 gnoll shamans (D:3)
  3 iguanas
  5 worker ants
  2 hound skeletons (D:4)
  44 gnolls
  8 adders
  A shadow imp (D:5)
  An adder zombie (D:7)
  2 adder skeletons (D:4)
  3 worms
  3 dart slugs
  3 leopard geckos
  32 orcs
  A ball python (D:4)
  2 giant cockroaches
  5 goblins
  9 hobgoblins
  14 jackals (D:3)
  3 kobolds
  7 quokkas
  5 bats
  5 frilled lizards
  3 rats (D:3)
277 creatures vanquished.

Vanquished Creatures (collateral kills)
  A quokka (D:4)
1 creature vanquished.

Vanquished Creatures (others)
  2 fungi
2 creatures vanquished.

Grand Total: 280 creatures vanquished

Notes
Turn   | Place    | Note
-------+----------+-------------------------------------------
     0 | D:1      | Qrupt the Octopode Transmuter began the quest for the Orb.
     0 | D:1      | Reached XP level 1. HP: 13/13 MP: 3/3
   344 | D:1      | Reached XP level 2. HP: 13/18 MP: 3/5
   819 | D:2      | Reached XP level 3. HP: 18/24 MP: 3/6
  1384 | D:2      | Reached XP level 4. HP: 28/29 MP: 5/7
  1806 | D:3      | Learned a level 2 spell: Sticks to Snakes
  2186 | D:3      | Reached XP level 5. HP: 31/34 MP: 2/8
  2474 | D:3      | Reached skill level 1 in Stealth
  3075 | D:3      | Reached XP level 6. HP: 39/39 MP: 9/9
  3512 | D:3      | Noticed Jessica
  3520 | D:3      | Killed Jessica
  3610 | D:3      | Reached XP level 7. HP: 45/45 MP: 8/10
  4206 | D:3      | Reached skill level 5 in Unarmed Combat
  4504 | D:3      | Learned a level 3 spell: Spider Form
  4505 | D:4      | Found a staircase to the Ecumenical Temple.
  4514 | Temple   | Entered the Ecumenical Temple
  4625 | Temple   | Became a worshipper of the Wu Jian Council
  4842 | D:4      | Reached skill level 1 in Poison Magic
  4902 | D:4      | Noticed Edmund
  4920 | D:4      | Reached XP level 8. HP: 26/51 MP: 6/11
  4935 | D:4      | Killed Edmund
  4935 | D:4      | Reached skill level 5 in Stealth
  5345 | D:4      | Reached * piety under Wu Jian
  5410 | D:4      | Found a white marble altar of Elyvilon.
  5763 | D:5      | Entered Level 5 of the Dungeon
  5881 | D:5      | Reached skill level 5 in Dodging
  5881 | D:5      | Reached skill level 5 in Transmutations
  6436 | D:4      | Learned a level 4 spell: Ice Form
  7198 | D:6      | Reached XP level 9. HP: 56/58 MP: 10/12
  7215 | D:6      | Reached ** piety under Wu Jian
  7215 | D:6      | Reached skill level 1 in Ice Magic
  7401 | D:6      | Found Jatyloc's Weapon Shoppe.
  7493 | D:6      | Noticed Grinder
  7506 | D:6      | Noticed a troll
  7534 | D:6      | HP: 4/104 [troll (11)]
  7535 | D:6      | Killed a troll
  8183 | D:6      | Killed Grinder
  8736 | D:8      | Reached skill level 5 in Fighting
  9167 | D:8      | Noticed Psyche
  9173 | D:8      | Killed Psyche
  9406 | D:8      | Reached XP level 10. HP: 65/66 MP: 13/13
  9457 | D:8      | Noticed a two-headed ogre
  9475 | D:8      | Killed a two-headed ogre
  9766 | D:9      | Found Gihoomen's Antique Weapon Shop.
 10369 | D:9      | Noticed an elephant
 10495 | D:9      | Found a staircase to the Lair.
 10633 | D:9      | Killed an elephant
 11243 | Lair:1   | Entered Level 1 of the Lair of Beasts
 11266 | Lair:1   | Noticed a spiny frog
 11294 | Lair:1   | Killed a spiny frog
 11388 | Lair:1   | Noticed a spiny frog
 11396 | Lair:1   | Killed a spiny frog
 11399 | Lair:1   | Reached skill level 5 in Ice Magic
 11487 | Lair:1   | Noticed a black mamba
 11680 | Lair:1   | Reached *** piety under Wu Jian
 11693 | Lair:1   | Reached XP level 11. HP: 74/74 MP: 12/15
 11972 | Lair:1   | You fall into a shaft and drop 1 floor!
 12538 | Lair:2   | Learned a level 5 spell: Blade Hands
 12615 | Lair:2   | Noticed a four-headed hydra
 12621 | Lair:2   | Killed a four-headed hydra
 12795 | Lair:2   | Reached XP level 12. HP: 82/82 MP: 14/19
 12842 | Lair:2   | Reached skill level 5 in Spellcasting
 13321 | Lair:3   | Reached skill level 1 in Evocations
 13498 | Lair:3   | Reached **** piety under Wu Jian
 13926 | Lair:4   | Found a gate leading to a gauntlet.
 13949 | Lair:4   | Mangled by a black mamba

Levels and vault maps discovered:
D:1:      moated_graveyard_arrival, layout_basic
D:2:      layout_loops_ring, serial_bayou_pond_a, minivault_14,
          lightli_corner_chamber
D:3:      lemuel_castle_with_subvaults [lemuel_castle_interior_carwin_3],
          layout_rooms, hangedman_abyss_or_decor_lesser_grid,
          serial_bayou_lake_a, uniq_jessica
D:4:      layout_cave_pools, kennysheep_little_box,
          minmay_temple_entry_statues_fountains, first_ration, uniq_edmund
D:5:      layout_cave_pools, chequers_hall_statues_wall_a
D:6:      layout_basic, serial_shops, shop, serial_glass, glass_columns_a,
          glass_columns_a, uniq_grinder
D:7:      layout_basic
D:8:      layout_rooms, uniq_psyche
D:9:      layout_loops_ring, david_lair_generic, serial_shops, shop
Temple:   kilobyte_greek_temple
Lair:1:   layout_loops_ring, grunt_megastairs_5
Lair:2:   layout_chaotic_city, grunt_forest_large_clearing_hut,
          grunt_megastairs_1
Lair:3:   layout_long_grid, infiniplex_staircase_pool_2, lemuel_fruit_fields,
          minmay_lair_oklob_chamber
Lair:4:   layout_cave_pods, skrybe_swamp_entry_bodies,
          minmay_snake_entry_six_corridors, gauntlet_entry_generic

Skill      XL: |  1  2  3  4  5  6  7  8  9 10 11 12 |
---------------+-------------------------------------+-----
Fighting       | 2 4 5 6 8 |  8.5
Dodging        | 3 4 5 6 7 8 9 |  9.3
Transmutations | 3 4 5 6 7 8 9 |  9.3
Stealth        | 2 3 4 5 |  5.0
Unarmed Combat | 4 5 6 7 8 9 |  9.6
Poison Magic   | 1 3 |  3.0
Ice Magic      | 3 5 |  5.0
Spellcasting   | 4 5 |  5.0
Evocations     | 2 |  2.3

Action                   |  1- 3 |  4- 6 |  7- 9 | 10-12 || total
-------------------------+-------+-------+-------+-------++-------
Melee: Unarmed           |    51 |   122 |   357 |   355 ||   885
       Constrict         |    15 |    45 |    60 |     7 ||   127
       Tentacles         |    10 |    35 |    55 |    14 ||   114
       Kick              |     9 |    41 |    86 |    26 ||   162
       Punch             |     1 |     2 |     8 |     2 ||    13
       Trident           |       |    49 |       |       ||    49
 Cast: Beastly Appendage |    15 |    29 |    52 |    10 ||   106
       Sticks to Snakes  |       |       |     5 |       ||     5
       Spider Form       |       |       |     9 |     8 ||    17
       Ice Form          |       |       |     2 |    23 ||    25
Invok: Lunge             |       |       |    25 |    23 ||    48
       Whirlwind         |       |       |     3 |    46 ||    49
Evoke: Wand              |       |     4 |    22 |     3 ||    29
  Use: Potion            |     1 |       |     4 |     4 ||     9
       Scroll            |       |       |     6 |    11 ||    17
 Stab: Sleeping          |     3 |     2 |    20 |    11 ||    36
       Distracted        |       |       |     1 |     2 ||     3
  Eat: Chunk             |     1 |     8 |    18 |    20 ||    47
       Ration            |       |       |     1 |       ||     1
Armor: Skin              |     2 |     4 |    34 |    24 ||    64
Dodge: Dodged            |    37 |    91 |   205 |   222 ||   555

Table legend:
 A = Non-vault XP
 B = Vault XP
 C = Vault XP percentage of total XP
 D = Non-vault monster count
 E = Vault monster count
 F = Vault count percentage of total count
                 A         B        C        D         E       F
            +---------+---------+-------+---------+---------+-------
      Total |   16815 |    5811 |  25.7 |     202 |      76 |  27.3
            +---------+---------+-------+---------+---------+-------
        D:1 |      13 |       0 |   0.0 |       7 |       0 |   0.0
        D:2 |     101 |       0 |   0.0 |      19 |       0 |   0.0
        D:3 |     107 |     713 |  87.0 |      27 |      52 |  65.8
        D:4 |     693 |     120 |  14.8 |      28 |       1 |   3.4
        D:5 |     552 |       0 |   0.0 |      19 |       0 |   0.0
        D:6 |     624 |     262 |  29.6 |      12 |       1 |   7.7
        D:7 |     228 |       0 |   0.0 |      11 |       0 |   0.0
        D:8 |    1707 |     434 |  20.3 |      15 |       1 |   6.2
        D:9 |     806 |     988 |  55.1 |      12 |       4 |  25.0
     Lair:1 |    3800 |     956 |  20.1 |      19 |       7 |  26.9
     Lair:2 |    5461 |    2022 |  27.0 |      21 |       6 |  22.2
     Lair:3 |    2723 |       0 |   0.0 |      12 |       0 |   0.0
     Lair:4 |       0 |     316 | 100.0 |       0 |       4 | 100.0
            +---------+---------+-------+---------+---------+-------
